 Dungeon Crawl Stone Soup version 0.16-a0-3997-g61da7c2 (webtiles) character file.

2097 kroki the Deliberate (level 9, -1/79 HPs)
             Began as an Octopode Fire Elementalist on Feb 13, 2015.
             Was a Follower of Cheibriados.
             Slain by an orc warrior
             ... wielding a +2 dire flail of protection
              (6 damage)
             ... on level 6 of the Dungeon.
             The game lasted 00:24:16 (9196 turns).

kroki the Deliberate (Octopode Fire Elementalist)   Turns: 9196, Time: 00:24:16

Health: -1/79      AC: 24    Str: 11      XL:     9   Next: 28%
Magic:  5/19       EV:  2    Int: 23      God:    Cheibriados [*.....]
Gold:   467        SH:  6    Dex: 14 (15) Spells: 4 memorised, 2 levels left

rFire  . . .     SeeInvis .     c - +1 whip (elec)
rCold  . . .     Clarity  .     m - +1 buckler
rNeg   + + +     SustAb   .     (helmet currently unavailable)
rPois  +         Gourm    .     (no amulet)
rElec  .         Spirit   .     (no ring)
rCorr  .         Warding  .     (no ring)
rMut   .         NoTele   +     (no ring)
MR     .....                    (no ring)
Stlth  ++++......               (no ring)
                                (no ring)
                                (no ring)
                                (no ring)

@: tree-form (expiring), very slow, not resistant to hostile enchantments,
stealthy
A: almost no armour, amphibious, 8 rings, (constrict 8), (camouflage 0),
(gelatinous body 0)
a: Bend Time, Renounce Religion


You were on level 6 of the Dungeon.
You worshipped Cheibriados.
Cheibriados was aware of your devotion.
You were very hungry.
You were a tree.
You visited 2 branches of the dungeon, and saw 7 of its levels.

You collected 467 gold pieces.

Inventory:

Hand weapons
 c - a +1 whip of electrocution (weapon)
   (You took it off a gnoll on level 5 of the Dungeon)
 n - a +0 blowgun
   (You took it off a kobold on level 5 of the Dungeon)
 r - a cursed +1 whip of pain
   (You took it off a kobold on level 3 of the Dungeon)
 z - a +2 dagger of draining
   (You took it off an orc on level 4 of the Dungeon)
Missiles
 e - 34 poisoned needles
 k - 210 stones (quivered)
Armour
 g - a +0 shield
   (You found it on level 1 of the Dungeon)
 m - a +1 buckler (worn)
   (You found it on level 2 of the Dungeon)
Magical staves
 y - an uncursed staff of air {rElec}
   (You found it on level 5 of the Dungeon)
Magical devices
 C - a wand of lightning (2)
   (You found it on level 6 of the Dungeon)
Scrolls
 h - 3 scrolls of remove curse
Potions
 a - a potion of restore abilities {unknown}
 j - a potion of resistance
 p - 3 potions of flight
 u - a potion of agility
 x - a potion of poison {!q}
Books
 b - a book of Flames
 d - a book of Hinderance
   (You found it on level 2 of the Dungeon)
 t - a Grand Grimoire {highlevel, unknown}
   (You found it on level 5 of the Dungeon)
Comestibles
 f - 2 royal jellies
 o - 9 fruits
 q - 2 bread rations {@e1}
 s - a meat ration {@e2}
 A - a slice of pizza


   Skills:
 + Level 1.3 Fighting
 + Level 1.3 Maces & Flails
 + Level 2.9 Dodging
 - Level 4.6 Stealth
 - Level 5.0 Shields
 - Level 2.0 Spellcasting
 - Level 5.7 Conjurations
 - Level 5.5 Fire Magic
 - Level 7.0 Invocations


You had 2 spell levels left.
You knew the following spells:

 Your Spells              Type           Power        Failure   Level  Hunger
a - Flame Tongue          Conj/Fire      ####.        1%          1    #......
c - Conjure Flame         Conj/Fire      ####....     4%          3    ###....
s - Sticky Flame          Conj/Fire      ####....     14%         4    #####..
x - Throw Flame           Conj/Fire      ####..       1%          2    ##.....


Dungeon Overview and Level Annotations

Branches:
Dungeon (6/15)             Temple (1/1) D:5

Altars:
Ashenzari
Cheibriados
Dithmenos
Elyvilon
Fedhas
Gozag
Makhleb
Nemelex Xobeh
Okawaru
Qazlal
Ru
Sif Muna
Trog
Vehumet
Xom
Yredelemnul
The Shining One

Shops:
D:4 [

Annotations:
D:4 exclusions: orc, orc priest and 2 more exclusions, Crazy Yiuf
D:5 Eustachio


Innate Abilities, Weirdness & Mutations

You cannot wear most types of armour.
You are amphibious.
You can wear up to eight rings at the same time.
((You can use your tentacles to constrict many enemies at once.))
((Your skin changes colour to match your surroundings (Stealth).))
((Your rubbery body absorbs attacks (AC +1).))


Message History

The shadow imp hits you but does no damage.
You closely miss the orc. You block the orc's attack.
The orc hits you but does no damage. You block the shadow imp's attack.
You hit the orc.
The orc zombie hits you but does no damage.
The orc hits you but does no damage. x2
You block the shadow imp's attack.
You closely miss the orc. The orc hits you but does no damage.
The orc zombie hits you but does no damage.
The orc hits you but does no damage. The shadow imp puffs mist at you.
The shadow imp hits you but does no damage.
You hit the orc.
You kill the orc!
Cheibriados appreciates the change of pace.
The orc hits you but does no damage. You block the shadow imp's attack.
The orc zombie hits you but does no damage.
Here: an orc zombie, wielding a flail and wearing a scale mail The floor, spattered with blood.
Unknown command.
You hit the shadow imp.
The orc zombie hits you but does no damage.
The shadow imp hits you but does no damage.
The orc hits you but does no damage.
You barely miss the shadow imp. You block the orc zombie's attack.
The shadow imp hits you.
* * * LOW HITPOINT WARNING * * *
You block the orc zombie's attack. The orc barely misses you.
You take 2 damage, and have 14/79 hp.
You barely miss the shadow imp. The shadow imp completely misses you.
The orc zombie hits you but does no damage.
The orc hits you but does no damage.
You closely miss the shadow imp.
The orc zombie hits you but does no damage.
The shadow imp shouts, "Slither hence, thou gleeking ill-breeding brigand!"
The shadow imp hits you but does no damage.
You barely miss the shadow imp.
The orc hits you from afar with a trident.
* * * LOW HITPOINT WARNING * * *
The shadow imp lashes its tail.
The shadow imp hits you but does no damage.
The orc zombie completely misses you.
The orc zombie hits you but does no damage.
You take 1 damage, and have 13/79 hp.
You closely miss the shadow imp. The orc hits you but does no damage.
The shadow imp hits you but does no damage.
The orc zombie hits you but does no damage. x2
You hit the shadow imp.
The shadow imp hits you but does no damage.
You block the orc's attack.
You hit the shadow imp.
The shadow imp hits you but does no damage.
The orc zombie hits you but does no damage.
The orc hits you but does no damage.
The orc zombie hits you but does no damage.
You barely miss the shadow imp. The shadow imp hits you.
* * * LOW HITPOINT WARNING * * *
The orc hits you but does no damage.
The orc zombie hits you but does no damage.
You block the orc zombie's attack.
You take 2 damage, and have 12/79 hp.
You hit the shadow imp.
You kill the shadow imp!
Cheibriados appreciates the change of pace.
Your transformation is almost over.
The orc hits you but does no damage.
You hit the orc warrior but do no damage.
There is a sudden explosion of sparks!
The orc warrior is no longer moving slowly.
The orc zombie hits you but does no damage. x2
The orc hits you but does no damage.
You hit the orc warrior but do no damage.
The orc warrior hits you with a dire flail of protection.
* * * LOW HITPOINT WARNING * * *
The orc zombie hits you but does no damage. x2
You take 3 damage, and have 10/79 hp.
You barely miss the orc warrior. The orc hits you but does no damage.
The orc warrior completely misses you.
You hit the orc warrior but do no damage.
The orc hits you but does no damage.
The orc zombie hits you but does no damage. x2
The orc warrior hits you with a dire flail of protection.
* * * LOW HITPOINT WARNING * * *
You take 6 damage, and have 4/79 hp.
The flow of time bends around you.
Cheibriados rebukes the orc warrior.
The orc warrior seems to slow down.
Cheibriados rebukes the orc zombie.
The orc zombie seems to slow down.
Cheibriados rebukes the orc zombie.
The orc zombie seems to slow down.
You feel slightly more hungry. You block the orc's attack.
The orc warrior hits you but does no damage.
The orc zombie hits you but does no damage. x2
You now have 5/19 mp.
Unknown command.
You barely miss the orc warrior. The orc hits you but does no damage.
You closely miss the orc warrior. You block the orc's attack.
The orc warrior hits you with a dire flail of protection.
You die...

.#..###.# #.#.# #.#.#≈#
.#..#
#..........#.##≈≈#.#≈≈#
.##.#
#..#########.#..≈#.#≈≈≈#
.##.#
#..########).#≈≈≈#.#..≈# #
#.#
#............#.P.#.#..≈#.
... o[....####...#≈.≈#.#≈..#
##.##.....####...#≈..#.#..l#
..#.....o..#...# ..#.#≈≈#
...... ##.#♣..# #.#.#b .#
#.....#..oZZ.#####.#####. ..
........o................#
## .#.####.....####...####.
#§§......(.# #..##
######.....# #.## #......#
..# #.........## #......##.#


You could see an orc warrior, an orc, an orc zombie and an orc zombie.

Vanquished Creatures
  Pikel (D:5)
  Menkaure (D:5)
  3 ice beasts
  A slave (D:5)
  A wasp (D:6)
  The ghost of dysrexia the Slasher, an average MiGl (D:3)
  2 ogres (D:5)
  Duvessa (D:5)
  A giant frog (D:6)
  A scorpion (D:5)
  A crimson imp (D:5)
  Dowan (D:5)
  A quasit (D:5)
  2 hounds
  2 orc wizards
  4 orc priests
  4 worker ants
  Ijyb (D:3)
  4 gnolls
  Robin (D:4)
  6 adders
  A giant mite (D:3)
  A shadow imp (D:6)
  2 worms
  An adder skeleton (D:6)
  An adder zombie (D:5)
  5 giant geckos
  15 orcs
  4 ball pythons
  17 bats
  3 bat skeletons (D:5)
  2 bat zombies (D:6)
  3 giant cockroaches
  25 goblins
  20 hobgoblins
  6 jackals
  11 kobolds
  2 oozes (D:2)
  A giant cockroach zombie (D:5)
  A giant gecko skeleton (D:5)
  2 giant gecko zombies (D:5)
  7 giant newts
  A quokka (D:5)
  15 rats
186 creatures vanquished.

Vanquished Creatures (others)
  Blork the orc (D:5)
  A crimson imp (D:5)
  A fungus (D:6)
3 creatures vanquished.

Grand Total: 189 creatures vanquished

Notes
Turn   | Place    | Note
--------------------------------------------------------------
     0 | D:1      | kroki, the Octopode Fire Elementalist, began the quest for the Orb.
     0 | D:1      | Reached XP level 1. HP: 11/11 MP: 3/3
   227 | D:1      | Reached XP level 2. HP: 9/17 MP: 1/4
   506 | D:1      | Reached skill level 2 in Conjurations
   619 | D:1      | Reached skill level 3 in Stealth
  1086 | D:1      | Reached XP level 3. HP: 19/21 MP: 4/6
  1515 | D:1      | Learned a level 3 spell: Conjure Flame
  1608 | D:2      | Found a shattered altar of Ashenzari.
  1873 | D:2      | Reached skill level 3 in Conjurations
  1949 | D:2      | Reached XP level 4. HP: 20/27 MP: 3/7
  2543 | D:3      | Reached skill level 4 in Stealth
  2766 | D:3      | Noticed Ijyb
  2991 | D:3      | Reached skill level 1 in Shields
  3084 | D:3      | Killed Ijyb
  3084 | D:3      | Reached XP level 5. HP: 14/31 MP: 0/9
  3362 | D:3      | Learned a level 4 spell: Sticky Flame
  3363 | D:3      | Found a sacrificial altar of Ru.
  3459 | D:3      | Reached skill level 2 in Shields
  3597 | D:3      | Noticed dysrexia's ghost (average MiGl)
  3651 | D:3      | Killed dysrexia's ghost
  3651 | D:3      | Reached skill level 3 in Shields
  3651 | D:3      | Reached XP level 6. HP: 36/36 MP: 6/10
  3995 | D:4      | Reached skill level 4 in Shields
  4093 | D:4      | Noticed Crazy Yiuf
  4281 | D:4      | Noticed Robin
  4311 | D:4      | Killed Robin
  4557 | D:4      | Found Valax's Armour Shop.
  4826 | D:4      | Found an opulent altar of Gozag.
  4860 | D:4      | Reached skill level 4 in Conjurations
  5020 | D:4      | Reached XP level 7. HP: 34/41 MP: 8/12
  5354 | D:5      | Entered Level 5 of the Dungeon
  5360 | D:5      | Reached skill level 4 in Fire Magic
  5442 | D:5      | Noticed Blork the orc
  5454 | D:5      | Noticed Menkaure
  5887 | D:5      | HP: 10/41 [Blork the orc/puff of frost (8)]
  6566 | D:5      | Noticed Duvessa
  6566 | D:5      | Noticed Dowan
  6688 | D:5      | Killed Dowan
  6688 | D:5      | Reached skill level 5 in Conjurations
  7040 | D:5      | Killed Duvessa
  7040 | D:5      | Reached skill level 5 in Fire Magic
  7040 | D:5      | Reached XP level 8. HP: 46/46 MP: 1/13
  7102 | D:5      | Found a burning altar of Makhleb.
  7102 | D:5      | Found a white marble altar of Elyvilon.
  7103 | D:5      | Found a stormy altar of Qazlal.
  7247 | D:5      | Reached skill level 5 in Shields
  7348 | D:5      | Found a staircase to the Ecumenical Temple.
  7357 | Temple   | Entered the Ecumenical Temple
  7588 | Temple   | Became a worshipper of Cheibriados the Contemplative
  7660 | D:5      | Noticed Eustachio
  7880 | D:5      | Found a shadowy altar of Dithmenos.
  7901 | D:5      | Noticed Pikel
  7918 | D:5      | Killed Menkaure
  7918 | D:5      | Reached skill level 2 in Invocations
  8016 | D:5      | Killed Pikel
  8016 | D:5      | Reached skill level 6 in Invocations
  8299 | D:5      | Killed Blork the orc
  8422 | D:5      | Reached skill level 7 in Invocations
  8422 | D:5      | Reached XP level 9. HP: 51/51 MP: 17/19
  8661 | D:6      | Learned a level 2 spell: Throw Flame
  8668 | D:6      | Reached skill level 1 in Fighting
  8668 | D:6      | Reached skill level 1 in Maces & Flails
  8675 | D:6      | HP: 10/53 [orc wizard/magic dart (9)]
  9159 | D:6      | HP: 8/53 [orc/trident (9)]
  9164 | D:6      | HP: 10/53 [shadow imp/nerve-wracking pain (7)]
  9170 | D:6      | HP: 15/79 [orc/trident (1)]
  9181 | D:6      | HP: 14/79 [shadow imp (3)]
  9188 | D:6      | HP: 12/79 [shadow imp (2)]
  9193 | D:6      | HP: 4/79 [orc warrior/dire flail of protection (6)]
  9196 | D:6      | Slain by an orc warrior

Action                   |  1- 3 |  4- 6 |  7- 9 || total
-------------------------+-------+-------+-------++-------
Melee: Unarmed           |     3 |       |       ||     3
       Short sword       |     9 |     7 |       ||    16
       Whip              |       |    33 |   125 ||   158
       Dagger            |       |       |    14 ||    14
 Fire: Blowgun           |       |       |    27 ||    27
Throw: Stone             |     3 |       |     3 ||     6
 Cast: Flame Tongue      |    61 |   125 |    55 ||   241
       Conjure Flame     |       |     1 |     4 ||     5
       Sticky Flame      |       |       |    13 ||    13
       Throw Flame       |       |       |     5 ||     5
Invok: Bend Time         |       |       |     5 ||     5
Evoke: Wand              |       |       |     1 ||     1
  Use: Scroll            |     5 |     4 |     8 ||    17
       Potion            |       |     1 |     8 ||     9
 Stab: Distracted        |       |       |     1 ||     1
       Sleeping          |       |       |     5 ||     5
  Eat: Bread ration      |     1 |       |     1 ||     2
       Chunk             |       |     6 |     4 ||    10
       Meat ration       |       |     1 |     1 ||     2
       Beef jerky        |       |       |     1 ||     1
       Fruit             |       |       |     2 ||     2

Vault maps used:
D:1:      onia_arrival_mini_maze_b, serial_aquarium,
          aquarium_bridge_island_large, aquarium_window_1, aquarium_window_fake,
          aquarium_view_2d
D:2:      evilmike_ruin_ashenzari
D:3:      kennysheep_the_goblin_king, old_standard_altar
D:4:      serial_shops, kennysheep_mini, first_bread, grunt_ministairs_1,
          grunt_gozag_statues, uniq_crazy_yiuf_cottage, uniq_robin
D:5:      kennysheep_little_box, gammafunk_temple_overflow_claw,
          minmay_temple_entry_grid, minmay_misc_feat_tower, kennysheep_diamond,
          uniq_blork_the_orc, uniq_menkaure, uniq_duvessa, uniq_eustachio,
          uniq_pikel
D:6:      lemuel_coloured_pillars_altar, serial_aquarium,
          aquarium_bridge_straight, aquarium_window_2, aquarium_window_fake,
          aquarium_window_fake, aquarium_window_fake, aquarium_view_2d,
          aquarium_balcony_double_4, uniq_iyjb
Temple:   dpeg_five_rooms_temple_12

Table legend:
 A = Turns spent in this place as a percentage of turns spent in the entire game.
 B = Non-inter-level travel turns spent in this place as a percentage of non-inter-level travel turns spent in the entire game.
 C = Inter-level travel turns spent in this place as a percentage of turns spent in this place.
 D = Turns resting spent in this place as a percentage of non-inter-level travel turns spent in this place.
 E = Turns spent auto-exploring this place as a percentage of non-inter-level travel turns spent in this place.
 F = Non-inter-level travel turns spent in this place divided by the number of levels of this place that you've seen.
                   A       B       C       D       E      F
               +-------+-------+-------+-------+-------+----------------------
         Total | 100.0 | 100.0 |   0.9 |   8.4 |   8.4 | 363.4
       Dungeon |  99.4 |  99.5 |   0.8 |   8.5 |   8.1 | 422.0
        Temple |   0.6 |   0.5 |  20.0 |   0.0 |  75.0 |  12.0
               +-------+-------+-------+-------+-------+----------------------

Table legend:
 A = Kills in this place as a percentage of kills in entire the game.
 B = Kills by you in this place as a percentage of kills by you in the entire game.
 C = Kills by friends in this place as a percentage of kills by friends in the entire game.
 D = Other kills in this place as a percentage of other kills in the entire game.
 E = Experience gained in this place as a percentage of experience gained in the entire game.
 F = Experience gained in this place divided by the number of levels of this place that you have seen.
                   A       B       C       D       E      F
               +-------+-------+-------+-------+-------+----------------------
         Total | 100.0 | 100.0 |  -nan |  -nan | 100.0 | 428.1
       Dungeon | 100.0 | 100.0 |  -nan |  -nan | 100.0 | 499.5
               +-------+-------+-------+-------+-------+----------------------
